AoeStats
← Kanyaga

Arabia

509181125Analyzed
1v1 RM · 6d ago on Sep 25, 2026· 36m 29s· 2 players
Game mode
Random Map
Map size
Tiny (2 player)
Population
200
Speed
Normal
Resources
Standard
Victory
Conquest
Starting age
Dark Age
Ending age
Imperial Age
RankedLock teamsTeams togetherTeam positionsShared explorationLock speedFull tech treeHidden civsTurbo modeCheats
Victory
Defeat
🇹🇷 Wei · Türkiye
1594
+13
🇺🇸 Britons · United States
1537
-13
Spooner
4:04 Loom
14:25 Feudal Age
15:00 Double-Bit Axe
18:23 Castle Age
17:25 Gold Mining
19:37 Bow Saw
19:15 Town Watch
19:32 Fletching
22:23 Crossbowman
31:05 Wheelbarrow
33:46 Imperial Age
30:59 Pikeman
32:15 Ballistics
33:09 Scale Mail Armor
33:42 Bodkin Arrow
33:47 Town Watch
33:54 Stone Mining
34:59 Gold Shaft Mining
33:52 Arbalester
35:47 Bracer
Kanyaga
4:46 Loom
13:16 Feudal Age
13:42 Double-Bit Axe
13:38 Horse Collar
13:49 Gold Mining
13:52 Stone Mining
16:23 Arson
16:41 Padded Archer Armor
19:52 Castle Age
18:27 Padded Archer Armor
18:45 Fletching
20:47 Wheelbarrow
20:54 Leather Archer Armor
20:32 Elite Skirmisher
23:37 Bow Saw
23:31 Heavy Plow
24:18 Town Watch
25:48 Stone Shaft Mining
29:16 Scale Barding Armor
30:51 Husbandry
35:50 Imperial Age
34:12 Gold Shaft Mining
33:55 Bloodlines
34:51 Chain Barding Armor
35:45 Hand Cart
35:47 Forging
35:48 Bodkin Arrow
36:56 Conscription
36:21 Treadmill Crane
Connection lost

Rejoining the realm…

Still unreachable

The connection could not be restored.

Session expired

The server has moved on; the page needs a fresh start.